 Dungeon Crawl Stone Soup version 0.22.1-2-g9c5b331383 (webtiles) character file.

29432 Gargoyl the Schismatic (level 13, -4/107 HPs)
             Began as a Centaur Abyssal Knight on Dec 10, 2018.
             Was an Elder of Lugonu.
             Slain by a death yak (5 damage)
             ... on level 6 of the Lair of Beasts.
             The game lasted 00:38:04 (27676 turns).

Gargoyl the Schismatic (Centaur Abyssal Knight)    Turns: 27676, Time: 00:38:04

Health: -4/107     AC: 16    Str: 20    XL:     13   Next: 15%
Magic:  21/21      EV:  1    Int: 11    God:    Lugonu [****..]
Gold:   588        SH:  0    Dex: 11    Spells: 12/12 levels left

rFire    + + .     SeeInvis .   A - +11 falchion of Beutast {freeze, *Contam Str+5 Stlth+}
rCold    . . .     Gourm    .   y - +2 shield
rNeg     + + +     Faith    .   e - +1 scale mail {rPois}
rPois    ∞         Spirit   .   o - +2 helmet
rElec    +         Reflect  .   (no cloak)
rCorr    .         Harm     .   b - +2 pair of gloves
MR       ++...                  (no barding)
Stlth    ..........             d - amulet "Sumuh" {Acrobat rElec rF+ Str-3}
HPRegen  0.27/turn              f - ring of protection from magic
MPRegen  0.17/turn              L - ring of protection from magic

@: petrified, very quick
A: large, hooves 3, deformed body, fire resistance 1, speed 2, poison
resistance, tough skin 3
a: Depart the Abyss, Bend Space, Banish, Corrupt, Renounce Religion


You were on level 6 of the Lair of Beasts.
You worshipped Lugonu.
Lugonu was greatly pleased with you.
You were not hungry.

You visited 3 branches of the dungeon, and saw 16 of its levels.
You visited the Abyss 1 time.
You also visited: Volcano.

You collected 904 gold pieces.
You spent 316 gold pieces at shops.

Inventory:

Hand Weapons
 a - a +1 hand axe
 l - a +1 war axe
 A - the +11 falchion of Beutast (weapon) {freeze, *Contam Str+5 Stlth+}
   (You found it on level 2 of the Lair of Beasts)

   It has been specially enchanted to freeze those struck by it, causing extra
   injury to most foes and up to half again as much damage against particularly
   susceptible opponents.
   It can also slow down cold-blooded creatures.
   It affects your strength (+5).
   It causes magical contamination when unequipped.
   It makes you more stealthy.
Missiles
 C - 8 javelins (quivered)
Armour
 b - a +2 pair of gloves (worn)
 e - a +1 scale mail of poison resistance (worn)
 o - a +2 helmet (worn)
 y - a +2 shield (worn)
 M - +0 fire dragon scales
Jewellery
 d - the amulet "Sumuh" (around neck) {Acrobat rElec rF+ Str-3}
   (You found it on level 2 of the Abyss)

   [amulet of the acrobat]

   It helps you evade while moving and waiting.
   It affects your strength (-3).
   It protects you from fire.
   It insulates you from electricity.
 f - a ring of protection from magic (left hand)
 B - an uncursed amulet of regeneration
 K - a +2 ring of dexterity {unknown}
 L - a ring of protection from magic (right hand)
 Q - an uncursed ring of fire {unknown}
 R - an uncursed ring of flight {unknown}
 S - a +3 ring of dexterity {unknown}
Wands
 q - a wand of flame (23)
 s - a wand of enslavement (15)
 t - a wand of random effects (49)
 u - a wand of digging (16)
 v - a wand of iceblast (10)
 w - a wand of scattershot (7)
 F - a wand of paralysis (35)
Scrolls
 i - 3 scrolls of identify
 r - 4 scrolls of amnesia
 x - 4 scrolls of teleportation
 E - 5 scrolls of remove curse
 G - a scroll of random uselessness {unknown}
 N - 2 scrolls of blinking
 P - 2 scrolls of fog
Potions
 g - 7 potions of curing
 j - 3 potions of resistance
 k - 3 potions of brilliance
 m - a potion of ambrosia
 n - a potion of haste
 p - 3 potions of lignification
 z - 3 potions of mutation
 D - a potion of flight
 H - a potion of agility
 I - a potion of berserk rage
 J - 2 potions of might
 O - a potion of magic {unknown}
Comestibles
 c - 18 rations


   Skills:
 + Level 8.0 Fighting
 + Level 7.2 Long Blades
 + Level 7.7 Axes
 + Level 3.3 Throwing
 * Level 10.2 Armour
 + Level 4.2 Dodging
 + Level 3.4 Shields
 * Level 10.8 Invocations
 + Level 1.2 Evocations


You had 12 spell levels left.
You didn't know any spells.
Your spell library contained the following spells:

 Spells                   Type           Power        Failure   Level  Hunger
 Animate Skeleton         Necr           N/A          95%         1    ##.....
 Flame Tongue             Conj/Fire      #....        95%         1    ##.....
 Pain                     Necr           #...         95%         1    ##.....
 Throw Flame              Conj/Fire      #.....       99%         2    ###....
 Conjure Flame            Conj/Fire      #.......     100%        3    ####...
 Inner Flame              Hex/Fire       #.......     100%        3    ####...
 Regeneration             Chrm/Necr      #.........   100%        3    ####...
 Vampiric Draining        Necr           #.........   100%        3    ####...
 Animate Dead             Necr           N/A          100%        4    #####..
 Sticky Flame             Conj/Fire      #.......     100%        4    #####..
 Fireball                 Conj/Fire      #.........   100%        5    ######.


Dungeon Overview and Level Annotations

Branches:
Dungeon (9/15)             Temple (1/1) D:7            Lair (6/6) D:9
  Swamp (0/4) Lair:4       Spider (0/4) Lair:2        Slime (0/5) Lair:5
    Orc: D:9-12

Altars:
Ashenzari
Cheibriados
Dithmenos
Elyvilon
Fedhas
Hepliaklqana
Makhleb
Nemelex Xobeh
Okawaru
Qazlal
Ru
Sif Muna
Trog
Uskayaw
Vehumet
Yredelemnul
Zin
The Shining One
Jiyva

Shops:
D:4 !   D:6 *   D:8 ?

Annotations:
D:3 3 runed doors, Ramireus's ghost, amateur FoFi
D:4 3 runed doors, Goodini51's ghost, amateur GnMo; Ponchio's ghost, weakling GrFi; Skull's ghost, amateur HuBe
D:5 2 transporters, highc0's ghost, novice HuWr


Innate Abilities, Weirdness & Mutations

You have hooves in place of feet.
Armour fits poorly on your strangely shaped body.
You cover ground very quickly.
You have extremely tough skin. (AC +3)
Your flesh is heat resistant. (rF+)
Your system is resistant to poisons. (rPois)


Message History

The catoblepas gores you but does no damage.
The catoblepas gores you.
The catoblepas breathes a plume of calcifying dust at you.
The blast of calcifying dust hits you! The death yak gores you!
You are engulfed in calcifying dust.
The catoblepas gores you!!
* * * LOW HITPOINT WARNING * * *
The death yak gores you!
* * * LOW HITPOINT WARNING * * *
You are engulfed in calcifying dust.
The catoblepas gores you!
* * * LOW HITPOINT WARNING * * *
The death yak gores you!
* * * LOW HITPOINT WARNING * * *
You are engulfed in calcifying dust.
The catoblepas gores you!
* * * LOW HITPOINT WARNING * * *
The death yak gores you.
* * * LOW HITPOINT WARNING * * *
You are engulfed in calcifying dust.
The catoblepas breathes a plume of calcifying dust at you.
The blast of calcifying dust hits you! The death yak gores you!
You die...

.#.#....# #....# #.. .......##
##..## #..# ..P...## ##...##
#.Y§## #.#...## #.....## #.§§##
.#.....### ##......# ##.Y§#
#.#...#..#########.......## ##Y..
...P.....#.#...##.#.......###..§.
....†÷.................##.....8..
.............§§§@Y....##.#.......
.#...............Y....#.###....8.
.#.....#..#............###P......
PP....#.#.##............###..8...
.......###.#..........### ##.....
......## ##[..........# #.....
....... #...........# ##....
....... ............## .#..
#..#.... .....#.##P..# ..##


You could see a death yak and a catoblepas.

Vanquished Creatures
  Snorg (Lair:6)
  A hell hog (Volcano)
  A fire crab (Volcano)
  A lindwurm (Lair:5)
  Joseph (D:9)
  A black mamba (Lair:6)
  15 elephants
  2 molten gargoyles (Volcano)
  6 spiny frogs
  A rime drake (Lair:4)
  8 komodo dragons
  2 blink frogs (Lair:4)
  8 hippogriffs
  A wyvern (Lair:4)
  A tarantella (Lair:2)
  2 fire bats (Volcano)
  A basilisk (Lair:2)
  26 yaks
  2 steam dragons (Volcano)
  2 wargs (D:8)
  2 hell hounds (Volcano)
  11 water moccasins
  8 porcupines
  3 ice beasts
  A sky beast (D:8)
  A black bear (Lair:2)
  2 necrophages
  3 phantoms
  A centaur (D:8)
  2 ogres
  14 wolves
  7 crocodiles
  A big kobold (D:9)
  13 bullfrogs
  5 scorpions
  2 electric eels (D:5)
  3 lava snakes (Volcano)
  A crimson imp (D:6)
  5 hounds
  4 jellies
  6 orc priests
  2 bullfrog skeletons (D:4)
  A gnoll shaman (D:4)
  2 iguanas
  3 orc wizards
  5 worker ants
  A hound zombie (D:8)
  A worker ant zombie (D:7)
  8 adders
  11 gnolls
  2 shadow imps
  An adder skeleton (D:7)
  2 worms
  4 leopard geckos
  17 orcs
  A ball python (D:2)
  2 giant cockroaches
  10 goblins
  3 hobgoblins (D:1)
  17 jackals
  9 kobolds
  2 quokkas
  3 bats
  3 frilled lizards
  A jackal zombie (D:5)
  2 leopard gecko zombies
  A quokka zombie (D:8)
  3 rats (D:1)
295 creatures vanquished.

Vanquished Creatures (collateral kills)
  A polar bear (Lair:6)
  A blink frog (Lair:3)
  A hippogriff (Lair:1)
  2 wolves (Lair:3)
  A crocodile (Lair:6)
  A bullfrog (Lair:2)
  2 plants
9 creatures vanquished.

Vanquished Creatures (others)
  4 hydras
  3 spiny frogs
  A black mamba (Lair:1)
  2 hippogriffs
  A blink frog (Lair:3)
  3 crocodiles
  A water moccasin (Lair:1)
  An acid dragon (Temple)
  3 orc warriors
  18 fungi
  14 plants
  4 withered plants (D:4)
55 creatures vanquished.

Grand Total: 359 creatures vanquished

Notes
Turn   | Place    | Note
-------+----------+-------------------------------------------
     0 | Abyss:1  | Gargoyl the Centaur Abyssal Knight began the quest for the
                  | Orb.
     0 | Abyss:1  | Reached XP level 1. HP: 19/19 MP: 2/2
    42 | Abyss:2  | Noticed a starcursed mass
   119 | Abyss:2  | Noticed a spatial vortex
   120 | Abyss:2  | Identified the amulet "Sumuh" {Acrobat rElec rF+ Str-3}
                  | (You found it on level 2 of the Abyss)
   127 | Abyss:2  | Noticed a raiju
   129 | D:1      | Escaped the Abyss
   231 | D:1      | Reached * piety under Lugonu
   234 | D:1      | Reached XP level 2. HP: 9/26 MP: 3/3
   243 | D:1      | HP: 1/26 [jackal (2)]
   868 | D:1      | Reached XP level 3. HP: 30/31 MP: 4/4
  1767 | D:2      | Reached XP level 4. HP: 31/38 MP: 6/6
  1967 | D:2      | Found a deep blue altar of Sif Muna.
  1968 | D:2      | Found a white marble altar of Elyvilon.
  1968 | D:2      | Found a hide-covered altar of Uskayaw.
  1968 | D:2      | Found a burning altar of Makhleb.
  1969 | D:2      | Found a glowing silver altar of Zin.
  1969 | D:2      | Found a snail-covered altar of Cheibriados.
  1970 | D:2      | Found a bloodstained altar of Trog.
  2115 | D:2      | Found a sparkling altar of Nemelex Xobeh.
  2409 | D:3      | Found a runed gate.
  2411 | D:3      | Found a runed gate.
  2412 | D:3      | Found a runed gate.
  2413 | D:3      | Noticed Ramireus's ghost (amateur FoFi)
  2927 | D:3      | Reached XP level 5. HP: 21/45 MP: 7/7
  2963 | D:3      | Gained mutation: Your system is resistant to poisons.
                  | (rPois) [potion of mutation]
  2963 | D:3      | Gained mutation: Your flesh is heat resistant. (rF+)
                  | [potion of mutation]
  2967 | D:3      | Reached skill level 1 in Dodging
  3758 | D:4      | Reached ** piety under Lugonu
  3766 | D:4      | Found a runed gate.
  3766 | D:4      | Found a runed gate.
  3766 | D:4      | Found a runed gate.
  3766 | D:4      | Noticed Goodini51's ghost (amateur GnMo)
  3766 | D:4      | Noticed Skull's ghost (amateur HuBe)
  3767 | D:4      | Noticed Ponchio's ghost (weakling GrFi)
  4024 | D:4      | Reached XP level 6. HP: 16/52 MP: 8/8
  4032 | D:4      | Found Etag's Distillery.
  4243 | D:4      | Bought a potion of heal wounds for 70 gold pieces
  4422 | D:4      | Found an iron altar of Okawaru.
  4635 | D:4      | Bought a potion of lignification for 42 gold pieces
  5125 | D:5      | Entered Level 5 of the Dungeon
  5172 | D:5      | Found a transporter.
  5317 | D:5      | Found a transporter.
  5742 | D:5      | Reached XP level 7. HP: 42/59 MP: 9/9
  5868 | D:5      | Found a transporter.
  5868 | D:5      | Noticed highc0's ghost (novice HuWr)
  6405 | D:5      | Found a transporter.
  6936 | D:5      | Found a stormy altar of Qazlal.
  7495 | D:6      | Reached *** piety under Lugonu
  7674 | D:6      | Reached XP level 8. HP: 60/65 MP: 11/11
  7974 | D:6      | Reached skill level 5 in Axes
  7977 | D:6      | Found Aablol's Alliterative Accessories.
  8194 | D:6      | Reached skill level 5 in Armour
  8427 | D:6      | Found a shadowy altar of Dithmenos.
  8430 | D:6      | Found a radiant altar of Vehumet.
  8444 | D:6      | Found a sacrificial altar of Ru.
  8447 | D:6      | Found a blossoming altar of Fedhas.
  9243 | D:7      | Found a staircase to the Ecumenical Temple.
  9279 | D:7      | Reached skill level 1 in Throwing
  9279 | D:7      | Reached skill level 5 in Invocations
  9484 | D:7      | Noticed a hippogriff
  9529 | Temple   | Entered the Ecumenical Temple
  9803 | Temple   | Banished a hippogriff
 10359 | D:7      | Noticed a hippogriff
 10378 | D:7      | Killed a hippogriff
 10378 | D:7      | Reached XP level 9. HP: 15/72 MP: 11/13
 11367 | D:8      | Found Jujibyufiwk's Magic Scroll Boutique.
 11511 | D:8      | Reached skill level 5 in Fighting
 11692 | D:8      | Bought a scroll of enchant armour for 90 gold pieces
 11692 | D:8      | Bought a scroll of summoning for 114 gold pieces
 13176 | D:9      | Found a staircase to the Lair.
 13290 | D:9      | Noticed Joseph
 13371 | D:8      | Reached **** piety under Lugonu
 13850 | D:9      | Killed Joseph
 14363 | D:8      | Reached XP level 10. HP: 50/81 MP: 14/14
 16332 | D:9      | Found a sacrificial altar of Ru.
 16527 | Lair:1   | Entered Level 1 of the Lair of Beasts
 16629 | Lair:1   | Noticed a spiny frog
 16648 | Lair:1   | Banished a spiny frog
 17521 | Lair:2   | Noticed a black mamba
 17521 | Lair:2   | Noticed a spiny frog
 17537 | Lair:1   | Banished a black mamba
 17881 | Lair:2   | Banished a spiny frog
 17969 | Lair:2   | Got a polished falchion
 17970 | Lair:2   | Identified the +11 falchion of Beutast {freeze, *Contam
                  | Str+5 Stlth+} (You found it on level 2 of the Lair of
                  | Beasts)
 18178 | Lair:2   | Noticed an elephant
 18319 | Lair:2   | Killed an elephant
 18408 | Lair:2   | Reached XP level 11. HP: 81/90 MP: 17/17
 18671 | Lair:2   | Reached skill level 1 in Long Blades
 19258 | Lair:2   | Found a hole to the Spider Nest.
 19766 | Lair:2   | Reached skill level 1 in Shields
 21617 | Lair:3   | Noticed an eight-headed hydra
 21621 | Lair:3   | Banished an eight-headed hydra
 22265 | Lair:4   | Noticed an eight-headed hydra
 22277 | Lair:4   | Banished an eight-headed hydra
 22659 | Lair:4   | Reached XP level 12. HP: 52/100 MP: 19/19
 23131 | Lair:4   | Noticed a five-headed hydra
 23612 | Lair:4   | Found a staircase to the Swamp.
 23788 | Lair:4   | Reached skill level 5 in Long Blades
 23914 | Lair:4   | Banished a five-headed hydra
 24434 | Lair:5   | Reached skill level 10 in Invocations
 24606 | Lair:5   | Found a dark tunnel.
 24629 | Lair:5   | Found a viscous altar of Jiyva.
 24633 | Lair:5   | Found a staircase to the Slime Pits.
 24634 | Lair:5   | Noticed a five-headed hydra
 24643 | Volcano  | Entered a volcano
 25348 | Volcano  | Found a radiant altar of Vehumet.
 25348 | Volcano  | Noticed a hell hog
 25354 | Volcano  | Killed a hell hog
 26378 | Lair:5   | Reached skill level 10 in Armour
 26700 | Lair:5   | Banished a five-headed hydra
 26970 | Lair:6   | Entered Level 6 of the Lair of Beasts
 27060 | Lair:6   | Reached XP level 13. HP: 65/107 MP: 21/21
 27567 | Lair:6   | Noticed Snorg
 27580 | Lair:6   | Killed Snorg
 27627 | Lair:6   | Reached skill level 1 in Evocations
 27675 | Lair:6   | HP: 4/107 [catoblepas (8)]
 27675 | Lair:6   | HP: 1/107 [death yak (3)]
 27676 | Lair:6   | Slain by a death yak

Skill      XL: |  1  2  3  4  5  6  7  8  9 10 11 12 13 |
---------------+----------------------------------------+-----
Axes           | 2 3 4 5 6 7 |  7.7
Armour         | 2 3 4 5 7 8 9 10 | 10.2
Invocations    | 3 4 5 6 8 9 10 | 10.8
Dodging        | 1 2 3 4 |  4.2
Fighting       | 4 5 6 7 8 |  8.0
Throwing       | 1 2 3 |  3.3
Long Blades    | 4 6 7 |  7.2
Shields        | 1 3 |  3.4
Evocations     | 1 |  1.2

Action                   |  1- 3 |  4- 6 |  7- 9 | 10-12 | 13-15 || total
-------------------------+-------+-------+-------+-------+-------++-------
Melee: Hand axe          |    92 |   197 |   591 |   208 |       ||  1088
       Kick              |    11 |    31 |   135 |   228 |    19 ||   424
       Falchion          |       |       |       |   520 |    53 ||   573
Throw: Javelin           |       |     1 |    26 |    24 |     1 ||    52
Invok: Depart the Abyss  |     1 |       |       |       |       ||     1
       Banish            |       |       |     4 |    12 |       ||    16
       Bend Space        |       |       |     1 |     2 |       ||     3
Evoke: Wand              |       |       |       |     6 |     3 ||     9
  Use: Scroll            |     4 |     6 |     9 |    15 |       ||    34
       Potion            |       |     3 |     1 |     3 |     2 ||     9
  Eat: Chunk             |     2 |    10 |    19 |    27 |     2 ||    60
       Ration            |       |       |     2 |     4 |       ||     6
Armor: Leather armour    |    50 |    14 |       |       |       ||    64
       Scale mail        |       |    72 |   330 |   440 |    27 ||   869
Dodge: Dodged            |   108 |    86 |   285 |   255 |    20 ||   754
Block: Shield            |       |       |       |   293 |    28 ||   321
       Rpst.: Falchion   |       |       |       |    43 |     2 ||    45
